Demolitions vs Wiprows

Created - 2 novembre 2014 at 19:59

Goals
1 2 3 T
Demolitions 2 1 2 5
Wiprows 3 0 0 3
Shots
1 2 3 T
Demolitions 11 10 9 30
Wiprows 9 8 10 27

1st period

1. Wiprows , Jesse Winchester 6 (Jason Ryznar, Brandon Bollig) at 3:37
2. Wiprows , Jesse Winchester 7 (Nick Bonino) at 5:38
3. Demolitions , Brandon Dubinsky 14 (Brad Richardson, Peter Harrold) at 7:53
4. Demolitions , Bobby Butler 5 (T.J. Hensick, Anthony Stewart) at 13:57
5. Wiprows , Joshua Bailey 3 (Jiri Tlusty, Brendon Segal) at 15:35

Penalties :
Jordan Szwarz (Win) for Slashing (Minor) at 1:19, Anton Babchuk (Vic) for Slashing (Minor) at 10:40

2nd period

6. Demolitions , Spencer Machacek 3 (Darren Helm, Jordan LaVallee) at 13:27

Penalties :
Matt Taormina (Win) for Roughing (Minor) at 8:54, Linden Vey (Win) for Holding (Minor) at 11:07, Anton Babchuk (Vic) for Hooking (Minor) at 13:53, Matt Frattin (Win) for Hooking (Minor) at 17:02

3rd period

7. Demolitions , Brad Richardson 12 (Brandon Dubinsky) at 10:58 (PP)
8. Demolitions , Spencer Machacek 4 (Seth Helgeson) at 16:16

Penalties :
Anssi Salmela (Vic) for Roughing (Minor) at 3:07, Chris Wideman (Vic) for Hooking (Minor) at 5:37, Seth Helgeson (Vic) for Tripping (Minor) at 6:48, Linden Vey (Win) for Slashing (Minor) at 10:57, Arturs Kulda (Win) for Hooking (Minor) at 14:11, Petr Vrana (Vic) for Interference (Minor) at 17:56

Goalie Stats

Brent Krahn (Vic), 24 saves from 27 shots - (0,889), W, 5-6-0, 60:00 minutes
Thomas McCollum (Win), 25 saves from 30 shots - (0,833), L, 1-2-0, 60:00 minutes

Players Stats for Demolitions

Player Name              G  A  P  +/- PIM S  H  SB GA TA FO     MP     PP MP  PK MP  
------------------------------------------------------------------------------------
Alex Hutchings           0  0  0   0  0   0  0  0  0  0  0/0     3:25   0:00   1:41 
Anssi Salmela            0  0  0  -2  2   2  2  3  0  1  0/0    20:49   4:14   3:50 
Anthony Stewart          0  1  1   1  0   1  2  0  0  1  1/1    18:27   4:29   3:10 
Anton Babchuk            0  0  0   1  4   1  2  1  1  1  0/0    26:14   5:42   3:55 
Bobby Butler             1  0  1   1  0   2  4  0  0  0  1/1    14:29   4:29   0:00 
Brad Richardson          1  1  2   1  0   7  0  0  0  0  1/2    20:20   4:55   3:10 
Brandon Dubinsky         1  1  2   0  0   5  3  1  0  0  17/39  26:41   5:21   5:46 
Chris Wideman            0  0  0  -1  2   0  0  0  0  0  0/0     5:10   0:00   1:20 
Corban Knight            0  0  0   0  0   0  0  0  0  0  0/0     0:35   0:00   0:35 
Daniel Paille            0  0  0   1  0   3  0  0  1  0  1/2    16:48   5:21   0:00 
Darren Helm              0  1  1   0  0   1  1  0  0  0  4/6    11:11   0:32   0:00 
Jordan LaVallee          0  1  1   0  0   2  0  0  1  2  0/0    10:43   0:06   0:00 
Josh Beaulieu            0  0  0   0  0   0  0  0  0  0  0/0     0:00   0:00   0:00 
Masi Marjamaki           0  0  0   0  0   0  0  0  0  0  0/0     0:00   0:00   0:00 
Nick Pryor               0  0  0  -1  0   0  0  0  0  0  0/0     3:03   0:00   0:00 
Nicolas Blanchard        0  0  0  -1  0   0  0  0  0  0  0/3     4:47   0:00   0:00 
Peter Harrold            0  1  1   1  0   0  0  2  0  1  0/0    26:57   5:42   6:23 
Petr Vrana               0  0  0  -1  2   0  1  0  1  1  0/0     7:44   0:00   1:26 
Robert Bortuzzo          0  0  0   3  0   0  0  2  0  0  0/0    11:10   0:00   3:04 
Robert Klinkhammer       0  0  0   0  0   0  0  0  0  0  0/0     0:00   0:00   0:00 
Seth Helgeson            0  1  1  -2  2   1  1  1  0  0  0/0    20:51   4:14   3:40 
Spencer Machacek         2  0  2   0  0   4  1  0  0  0  0/1    10:30   0:06   0:00 
T.J. Hensick             0  1  1   1  0   1  3  0  1  0  7/10   20:04   4:29   5:35 
Tim Erixon               0  0  0   3  0   0  0  1  0  0  0/0     8:02   0:00   0:00 
Vince Rocco              0  0  0   0  0   0  0  0  0  0  0/0     0:00   0:00   0:00 

Players Stats for Wiprows

Player Name              G  A  P  +/- PIM S  H  SB GA TA FO     MP     PP MP  PK MP  
------------------------------------------------------------------------------------
Alec Martinez            0  0  0   0  0   1  0  0  0  1  0/0    23:00   4:26   5:37 
Arturs Kulda             0  0  0  -1  2   1  1  2  0  1  0/0    20:15   0:33   4:28 
Brandon Bollig           0  1  1   1  0   1  2  0  1  0  0/1    16:01   0:00   5:12 
Brendon Segal            0  1  1  -1  0   4  1  0  0  1  0/0    13:02   0:21   4:17 
Derek Grant              0  0  0  -1  0   1  3  0  1  0  2/4    12:14   0:00   4:17 
Gord Baldwin             0  0  0  -1  0   1  0  3  1  0  0/0    17:15   0:33   4:19 
Jason Ryznar             0  1  1   0  0   0  0  0  0  0  0/0     1:23   0:11   0:27 
Jesse Winchester         2  0  2   1  0   6  2  0  0  1  2/2    17:53   5:17   0:17 
Jiri Tlusty              0  1  1  -1  0   3  2  0  3  0  0/0    16:30   5:17   0:00 
Jonathan Tremblay        0  0  0   0  0   0  0  0  0  0  1/1     8:10   0:00   0:00 
Jordan Szwarz            0  0  0   0  2   0  1  0  0  0  0/0     7:52   0:00   0:00 
Joshua Bailey            1  0  1  -1  0   5  2  2  0  0  7/13   16:21   5:17   0:00 
Kevin Connauton          0  0  0   0  0   0  0  0  0  0  0/0    17:23   4:26   0:00 
Linden Vey               0  0  0  -1  4   0  1  0  0  0  1/2    15:38   5:28   0:00 
Matt Frattin             0  0  0   0  2   0  0  0  0  0  0/0    14:06   5:38   0:00 
Matt Taormina            0  0  0  -1  2   1  0  3  0  1  0/0    24:33   6:07   3:29 
Maxime Macenauer         0  0  0   0  0   1  0  0  1  0  7/13   14:06   0:11   5:22 
Nick Bonino              0  1  1   1  0   0  1  0  0  0  13/29  16:37   5:38   0:00 
Thomas Hickey            0  0  0   0  0   2  2  1  0  0  0/0    17:39   6:07   1:59 

3 Stars

1 - Jesse Winchester (Win)
2 - Spencer Machacek (Vic)
3 - Brandon Dubinsky (Vic)

Power Play

Demolitions - 1 on 6 Attempt(s) - 16,67%
Wiprows - 0 on 6 Attempt(s) - 0,00%

Penalty Kill

Demolitions - 6 on 6 Attempt(s) - 100,00% - Score 0 goal in Penalty Kill
Wiprows - 5 on 6 Attempt(s) - 83,33% - Score 0 goal in Penalty Kill

Official

Referees : Peel Tim and Pollock Kevin
Linesman : Bryan Pancich and Derek Amell

Game Notes

13:27 of 2nd period - Demolitions goal is going for a video replay. After video review, Goal.

Finance

Level 1 -- Attendance: 1367 (68,35%) -- Ticket Income 43 744 $
Level 2 -- Attendance: 714 (71,40%) -- Ticket Income 12 852 $
Total Attendance: 2081 (69,37%)
Total Ticket Income: 56 596 $
Other Income: 2 830 $
Total Income: 59 426 $

Demolitions

5 vs 5 Forward 
   Center                   Left Wing                Right Wing               Time % Phy DF OF 
 1 Brandon Dubinsky         Daniel Paille            Brad Richardson          40     1   2  2  
 2 T.J. Hensick             Bobby Butler             Anthony Stewart          30     1   2  2  
 3 Darren Helm              Jordan LaVallee          Spencer Machacek         20     1   2  2  
 4 Nicolas Blanchard        Petr Vrana               Brandon Dubinsky         10     1   2  2  

5 vs 5 Defense 
   Defense                  Defense                                           Time % Phy DF OF 
 1 Anton Babchuk            Peter Harrold                                     40     1   2  2  
 2 Anssi Salmela            Seth Helgeson                                     30     1   2  2  
 3 Tim Erixon               Robert Bortuzzo                                   20     1   2  2  
 4 Chris Wideman            Nick Pryor                                        10     1   2  2  

PowerPlay Forward 
   Center                   Left Wing                Right Wing               Time % Phy DF OF 
 1 Brandon Dubinsky         Daniel Paille            Brad Richardson          60     1   2  2  
 2 T.J. Hensick             Bobby Butler             Anthony Stewart          40     1   2  2  

PowerPlay Defense
   Defense                  Defense                                           Time % Phy DF OF 
 1 Anton Babchuk            Peter Harrold                                     60     1   2  2  
 2 Anssi Salmela            Seth Helgeson                                     40     1   2  2  

Penalty Kill 4 Players Forward 
   Center                   Wing                     Time % Phy DF OF 
 1 Brandon Dubinsky         T.J. Hensick             60     1   2  2  
 2 Brad Richardson          Anthony Stewart          40     1   2  2  

Penalty Kill 4 Players Defense
   Defense                  Defense                  Time % Phy DF OF 
 1 Anton Babchuk            Peter Harrold            60     1   2  2  
 2 Anssi Salmela            Seth Helgeson            40     1   2  2  

Penalty Kill - 3 Players Forward 
   Forward                                           Time % Phy DF OF 
 1 Brandon Dubinsky                                  60     1   2  2  
 2 T.J. Hensick                                      40     1   2  2  

Penalty Kill - 3 Players Defense
   Defense                  Defense                  Time % Phy DF OF 
 1 Anton Babchuk            Peter Harrold            60     1   2  2  
 2 Anssi Salmela            Seth Helgeson            40     1   2  2  

4 vs 4 Forward 
   Center                   Wing                     Time % Phy DF OF 
 1 Brandon Dubinsky         T.J. Hensick             60     1   2  2  
 2 Brad Richardson          Anthony Stewart          40     1   2  2  

4 vs 4 Defense
   Defense                  Defense                  Time % Phy DF OF 
 1 Anton Babchuk            Peter Harrold            60     1   2  2  
 2 Anssi Salmela            Seth Helgeson            40     1   2  2  

Last Minutes Offensive
   Center                   Left Wing                Right Wing               Defense                  Defense                  
   Brandon Dubinsky         Daniel Paille            Brad Richardson          Anton Babchuk            Peter Harrold            

Last Minutes Defensive
   Center                   Left Wing                Right Wing               Defense                  Defense                  
   Brandon Dubinsky         Daniel Paille            Brad Richardson          Anton Babchuk            Peter Harrold            

Goaltenders
Starting : Brent Krahn              
Backup : Chad Johnson             

Extra Forwards
Normal : Darren Helm, Jordan LaVallee, Petr Vrana - PP : Darren Helm, Jordan LaVallee - PK : Petr Vrana
Extra Defensemen
Normal : Tim Erixon, Robert Bortuzzo, Chris Wideman - PP : Tim Erixon - PK : Robert Bortuzzo, Chris Wideman
Penalty Shots
Brandon Dubinsky, T.J. Hensick, Brad Richardson, Anthony Stewart, Daniel Paille

Wiprows

5 vs 5 Forward 
   Center                   Left Wing                Right Wing               Time % Phy DF OF 
 1 Nick Bonino              Brandon Bollig           Jesse Winchester         34     1   1  3  
 2 Joshua Bailey            Jiri Tlusty              Linden Vey               32     1   1  3  
 3 Maxime Macenauer         Jonathan Tremblay        Matt Frattin             18     2   1  2  
 4 Derek Grant              Brendon Segal            Jordan Szwarz            16     3   1  1  

5 vs 5 Defense 
   Defense                  Defense                                           Time % Phy DF OF 
 1 Matt Taormina            Arturs Kulda                                      37     1   1  3  
 2 Alec Martinez            Kevin Connauton                                   35     1   2  2  
 3 Thomas Hickey            Gord Baldwin                                      26     2   2  1  
 4 Alec Martinez            Matt Taormina                                     2      1   1  3  

PowerPlay Forward 
   Center                   Left Wing                Right Wing               Time % Phy DF OF 
 1 Nick Bonino              Matt Frattin             Linden Vey               55     1   0  4  
 2 Joshua Bailey            Jiri Tlusty              Jesse Winchester         45     1   0  4  

PowerPlay Defense
   Defense                  Defense                                           Time % Phy DF OF 
 1 Matt Taormina            Thomas Hickey                                     55     0   1  4  
 2 Kevin Connauton          Alec Martinez                                     45     0   1  4  

Penalty Kill 4 Players Forward 
   Center                   Wing                     Time % Phy DF OF 
 1 Maxime Macenauer         Brandon Bollig           53     1   3  1  
 2 Derek Grant              Brendon Segal            47     1   3  1  

Penalty Kill 4 Players Defense
   Defense                  Defense                  Time % Phy DF OF 
 1 Arturs Kulda             Alec Martinez            53     1   4  0  
 2 Gord Baldwin             Matt Taormina            47     1   4  0  

Penalty Kill - 3 Players Forward 
   Forward                                           Time % Phy DF OF 
 1 Nick Bonino                                       55     0   5  0  
 2 Jesse Winchester                                  45     0   5  0  

Penalty Kill - 3 Players Defense
   Defense                  Defense                  Time % Phy DF OF 
 1 Matt Taormina            Arturs Kulda             60     1   4  0  
 2 Gord Baldwin             Alec Martinez            40     1   4  0  

4 vs 4 Forward 
   Center                   Wing                     Time % Phy DF OF 
 1 Nick Bonino              Jesse Winchester         54     1   2  2  
 2 Joshua Bailey            Jiri Tlusty              46     1   2  2  

4 vs 4 Defense
   Defense                  Defense                  Time % Phy DF OF 
 1 Matt Taormina            Alec Martinez            60     1   2  2  
 2 Kevin Connauton          Thomas Hickey            40     1   2  2  

Last Minutes Offensive
   Center                   Left Wing                Right Wing               Defense                  Defense                  
   Nick Bonino              Linden Vey               Jiri Tlusty              Thomas Hickey            Matt Taormina            

Last Minutes Defensive
   Center                   Left Wing                Right Wing               Defense                  Defense                  
   Maxime Macenauer         Arturs Kulda             Brendon Segal            Alec Martinez            Gord Baldwin             

Goaltenders
Starting : Thomas McCollum          
Backup : Al Montoya               

Extra Forwards
Normal : Nick Bonino, Jiri Tlusty, Brandon Bollig - PP : Nick Bonino, Linden Vey - PK : Brendon Segal
Extra Defensemen
Normal : Matt Taormina, Alec Martinez, Arturs Kulda - PP : Kevin Connauton - PK : Arturs Kulda, Thomas Hickey
Penalty Shots
Jiri Tlusty, Jason Ryznar, Brandon Bollig, Matt Frattin, Linden Vey

% Time on Ice - Demolitions

Lines # - Real PCT - Wanted PCT - Time Play
Normal Forward
1 - 34% - 40% - 13:05
2 - 28% - 30% - 10:48
3 - 26% - 20% - 10:18
4 - 12% - 10% - 4:47
Normal Defense
1 - 38% - 40% - 14:56
2 - 33% - 30% - 12:57
3 - 21% - 20% - 8:02
4 - 8% - 10% - 3:03
PP Forward
1 - 55% - 60% - 5:27
2 - 45% - 40% - 4:29
PP Defense
1 - 57% - 60% - 5:42
2 - 43% - 40% - 4:14
PK Forward
1 - 69% - 60% - 7:08
2 - 31% - 40% - 3:10
PK Defense
1 - 58% - 60% - 5:58
2 - 42% - 40% - 4:20
PK3 Forward
1 - 81% - 60% - 0:39
2 - 19% - 40% - 0:09
PK3 Defense
1 - 58% - 60% - 0:28
2 - 42% - 40% - 0:20
44 Forward
1 - 0% - 60%
2 - 0% - 40%
44 Defense
1 - 0% - 60%
2 - 0% - 40%
Last Minute Offensive  - 0:00
Last Minute Defensive  - 0:00
Total
Forward - 60:00
Defense - 60:00

% Time on Ice - Wiprows

Lines # - Real PCT - Wanted PCT - Time Play
Normal Forward
1 - 30% - 34% - 11:46
2 - 29% - 32% - 11:28
3 - 21% - 18% - 8:10
4 - 19% - 16% - 7:34
Normal Defense
1 - 38% - 37% - 14:56
2 - 37% - 35% - 14:36
3 - 24% - 26% - 9:26
4 - 0% - 2% - 0:00
PP Forward
1 - 52% - 55% - 5:43
2 - 48% - 45% - 5:23
PP Defense
1 - 55% - 55% - 6:07
2 - 45% - 45% - 4:59
PK Forward
1 - 57% - 53% - 5:39
2 - 43% - 47% - 4:17
PK Defense
1 - 57% - 53% - 5:37
2 - 43% - 47% - 4:19
PK3 Forward
1 - 0% - 55%
2 - 0% - 45%
PK3 Defense
1 - 0% - 60%
2 - 0% - 40%
44 Forward
1 - 0% - 54%
2 - 0% - 46%
44 Defense
1 - 0% - 60%
2 - 0% - 40%
Last Minute Offensive  - 0:00
Last Minute Defensive  - 0:00
Total
Forward - 60:00
Defense - 60:00

Play by Play

1st period


0:01 of 1st period - Brandon Dubinsky wins face-off versus Brandon Bollig in neutral zone.
0:26 of 1st period - Anthony Stewart is hit by Arturs Kulda and loses puck.
1:19 of 1st period - Minor Penalty to Jordan Szwarz for Slashing.
1:20 of 1st period - Brandon Dubinsky wins face-off versus Maxime Macenauer in Wiprows zone.
1:27 of 1st period - Wrist shot by Brad Richardson.
1:27 of 1st period - Shot Blocked by Matt Taormina.
1:29 of 1st period - Slapshot by Brad Richardson.
1:29 of 1st period - Shot Blocked by Matt Taormina.
1:45 of 1st period - Anton Babchuk is hit by Brendon Segal and loses puck.
2:54 of 1st period - Brendon Segal is hit by Bobby Butler and loses puck.
3:19 of 1st period - Penalty to Jordan Szwarz is over, Jordan Szwarz is back on ice.
3:37 of 1st period - Wrist shot by Jesse Winchester.
3:37 of 1st period - Goal by Jesse Winchester - Demolitions : 0 - Wiprows : 1.
3:38 of 1st period - Brandon Dubinsky wins face-off versus Linden Vey in neutral zone.
3:43 of 1st period - Wrist shot by Jiri Tlusty.
3:43 of 1st period - Shot Misses the Net.
5:05 of 1st period - Icing by Spencer Machacek.
5:06 of 1st period - Joshua Bailey wins face-off versus Darren Helm in Demolitions zone.
5:13 of 1st period - Wrist shot by Darren Helm.
5:13 of 1st period - Stopped by Thomas McCollum with a rebound.
5:28 of 1st period - Icing by Nick Pryor.
5:29 of 1st period - Nick Bonino wins face-off versus Spencer Machacek in Demolitions zone.
5:36 of 1st period - Snap shot by Nick Bonino.
5:36 of 1st period - Shot Misses the Net.
5:38 of 1st period - Snap shot by Jesse Winchester.
5:38 of 1st period - Goal by Jesse Winchester - Demolitions : 0 - Wiprows : 2.
5:39 of 1st period - Daniel Paille wins face-off versus Joshua Bailey in neutral zone.
5:42 of 1st period - Slapshot by Brad Richardson.
5:42 of 1st period - Stopped by Thomas McCollum without a rebound.
5:43 of 1st period - Brandon Dubinsky wins face-off versus Joshua Bailey in Wiprows zone.
5:50 of 1st period - Snap shot by Brad Richardson.
5:50 of 1st period - Stopped by Thomas McCollum without a rebound.
5:51 of 1st period - Brandon Dubinsky wins face-off versus Nick Bonino in Wiprows zone.
6:16 of 1st period - Peter Harrold is hit by Thomas Hickey and loses puck.
6:35 of 1st period - Snap shot by Brandon Dubinsky.
6:35 of 1st period - Shot Blocked by Gord Baldwin.
6:37 of 1st period - Snap shot by Brandon Dubinsky.
6:37 of 1st period - Shot Misses the Net.
6:39 of 1st period - Snap shot by Brandon Dubinsky.
6:39 of 1st period - Deflect By Petr Vrana.
6:39 of 1st period - Shot Misses the Net.
6:39 of 1st period - Puck is out of play.
6:40 of 1st period - Maxime Macenauer wins face-off versus Nicolas Blanchard in Wiprows zone.
6:40 of 1st period - Maxime Macenauer is hit by Brandon Dubinsky.
7:06 of 1st period - Brandon Bollig is hit by Bobby Butler.
7:17 of 1st period - Wrist shot by T.J. Hensick.
7:17 of 1st period - Shot Misses the Net.
7:27 of 1st period - Darren Helm is hit by Jiri Tlusty and loses puck.
7:36 of 1st period - Snap shot by Jiri Tlusty.
7:36 of 1st period - Deflect By Joshua Bailey.
7:36 of 1st period - Stopped by Brent Krahn without a rebound.
7:37 of 1st period - Joshua Bailey wins face-off versus Brandon Dubinsky in Demolitions zone.
7:51 of 1st period - Wrist shot by Brad Richardson.
7:51 of 1st period - Shot Misses the Net.
7:53 of 1st period - Wrist shot by Brandon Dubinsky.
7:53 of 1st period - Goal by Brandon Dubinsky - Demolitions : 1 - Wiprows : 2.
7:54 of 1st period - Jesse Winchester wins face-off versus Brad Richardson in neutral zone.
7:59 of 1st period - Snap shot by Brandon Bollig.
7:59 of 1st period - Deflect By Nick Bonino.
7:59 of 1st period - Shot Misses the Net.
7:59 of 1st period - Puck is out of play.
8:00 of 1st period - Jesse Winchester wins face-off versus Brandon Dubinsky in Demolitions zone.
8:07 of 1st period - Wrist shot by Daniel Paille.
8:07 of 1st period - Stopped by Thomas McCollum with a rebound.
8:33 of 1st period - Slapshot by T.J. Hensick.
8:33 of 1st period - Deflect By Bobby Butler.
8:33 of 1st period - Shot Misses the Net.
8:33 of 1st period - Puck is out of play.
8:34 of 1st period - T.J. Hensick wins face-off versus Joshua Bailey in Wiprows zone.
9:09 of 1st period - Tim Erixon is hit by Brandon Bollig and loses puck.
9:34 of 1st period - Icing by Darren Helm.
9:35 of 1st period - Linden Vey wins face-off versus Darren Helm in Demolitions zone.
10:40 of 1st period - Minor Penalty to Anton Babchuk for Slashing.
10:41 of 1st period - Nick Bonino wins face-off versus Brandon Dubinsky in Demolitions zone.
10:42 of 1st period - Slapshot by Matt Taormina.
10:42 of 1st period - Stopped by Brent Krahn without a rebound.
10:43 of 1st period - Nick Bonino wins face-off versus Brandon Dubinsky in Demolitions zone.
12:40 of 1st period - Penalty to Anton Babchuk is over, Anton Babchuk is back on ice.
12:58 of 1st period - Wrist shot by Anton Babchuk.
12:58 of 1st period - Shot Blocked by Joshua Bailey.
13:06 of 1st period - Snap shot by Joshua Bailey.
13:06 of 1st period - Shot Misses the Net.
13:32 of 1st period - Snap shot by Jiri Tlusty.
13:32 of 1st period - Shot Misses the Net.
13:34 of 1st period - Snap shot by Jiri Tlusty.
13:34 of 1st period - Stopped by Brent Krahn without a rebound.
13:35 of 1st period - Derek Grant wins face-off versus Brandon Dubinsky in Demolitions zone.
13:48 of 1st period - Slapshot by Brad Richardson.
13:48 of 1st period - Stopped by Thomas McCollum with a rebound.
13:51 of 1st period - Icing by Arturs Kulda.
13:52 of 1st period - T.J. Hensick wins face-off versus Derek Grant in Wiprows zone.
13:55 of 1st period - Wrist shot by Anthony Stewart.
13:55 of 1st period - Shot Misses the Net.
13:57 of 1st period - Wrist shot by T.J. Hensick.
13:57 of 1st period - Deflect By Bobby Butler.
13:57 of 1st period - Goal by Bobby Butler - Demolitions : 2 - Wiprows : 2.
13:58 of 1st period - Brandon Dubinsky wins face-off versus Maxime Macenauer in neutral zone.
14:05 of 1st period - Snap shot by Brad Richardson.
14:05 of 1st period - Shot Misses the Net.
14:13 of 1st period - Snap shot by Maxime Macenauer.
14:13 of 1st period - Shot Misses the Net.
14:25 of 1st period - Jordan Szwarz is hit by Bobby Butler and loses puck.
14:48 of 1st period - Peter Harrold is hit by Brandon Bollig and loses puck.
15:23 of 1st period - Icing by Petr Vrana.
15:24 of 1st period - Derek Grant wins face-off versus Nicolas Blanchard in Demolitions zone.
15:35 of 1st period - Wrist shot by Joshua Bailey.
15:35 of 1st period - Goal by Joshua Bailey - Demolitions : 2 - Wiprows : 3.
15:36 of 1st period - Nick Bonino wins face-off versus Brandon Dubinsky in neutral zone.
16:45 of 1st period - Slapshot by Anton Babchuk.
16:45 of 1st period - Deflect By Brandon Dubinsky.
16:45 of 1st period - Stopped by Thomas McCollum with a rebound.
17:45 of 1st period - Wrist shot by Jonathan Tremblay.
17:45 of 1st period - Shot Blocked by Robert Bortuzzo.
17:47 of 1st period - Wrist shot by Maxime Macenauer.
17:47 of 1st period - Shot Misses the Net.
17:49 of 1st period - Slapshot by Alec Martinez.
17:49 of 1st period - Shot Blocked by Robert Bortuzzo.
18:09 of 1st period - Slapshot by Maxime Macenauer.
18:09 of 1st period - Deflect By Matt Frattin.
18:09 of 1st period - Shot Misses the Net.
18:09 of 1st period - Puck is out of play.
18:10 of 1st period - Nick Bonino wins face-off versus Brandon Dubinsky in Demolitions zone.
18:11 of 1st period - Snap shot by Jesse Winchester.
18:11 of 1st period - Stopped by Brent Krahn with a rebound.
18:35 of 1st period - Snap shot by Brendon Segal.
18:35 of 1st period - Stopped by Brent Krahn with a rebound.
18:41 of 1st period - Slapshot by Matt Taormina.
18:41 of 1st period - Shot Blocked by Brandon Dubinsky.
18:43 of 1st period - Snap shot by Arturs Kulda.
18:43 of 1st period - Shot Misses the Net.
18:45 of 1st period - Slapshot by Arturs Kulda.
18:45 of 1st period - Stopped by Brent Krahn without a rebound.
18:46 of 1st period - T.J. Hensick wins face-off versus Nick Bonino in Demolitions zone.
18:55 of 1st period - Slapshot by Peter Harrold.
18:55 of 1st period - Shot Blocked by Gord Baldwin.
19:02 of 1st period - Icing by Jesse Winchester.
19:03 of 1st period - Brandon Dubinsky wins face-off versus Nick Bonino in Wiprows zone.
19:08 of 1st period - Backhand shot by Brad Richardson.
19:08 of 1st period - Deflect By Daniel Paille.
19:08 of 1st period - Shot Misses the Net.
19:08 of 1st period - Puck is out of play.
19:09 of 1st period - Brandon Dubinsky wins face-off versus Nick Bonino in Wiprows zone.
19:43 of 1st period - Snap shot by T.J. Hensick.
19:43 of 1st period - Shot Misses the Net.
19:45 of 1st period - Wrist shot by Anthony Stewart.
19:45 of 1st period - Stopped by Thomas McCollum without a rebound.
19:46 of 1st period - Brandon Dubinsky wins face-off versus Nick Bonino in Wiprows zone.
19:51 of 1st period - Snap shot by Brad Richardson.
19:51 of 1st period - Deflect By Brandon Dubinsky.
19:51 of 1st period - Stopped by Thomas McCollum without a rebound.
19:52 of 1st period - Brandon Dubinsky wins face-off versus Nick Bonino in Wiprows zone.
19:53 of 1st period - Wrist shot by Daniel Paille.
19:53 of 1st period - Shot Misses the Net.
19:55 of 1st period - Slapshot by Anssi Salmela.
19:55 of 1st period - Stopped by Thomas McCollum without a rebound.
19:56 of 1st period - Nick Bonino wins face-off versus Brandon Dubinsky in Wiprows zone.
Goals for this period are 2 for Demolitions vs 3 for Wiprows.
Shots for this period are 11 for Demolitions vs 9 for Wiprows.

2nd period


0:01 of 2nd period - Nick Bonino wins face-off versus Brandon Dubinsky in neutral zone.
0:32 of 2nd period - Icing by Arturs Kulda.
0:33 of 2nd period - Nick Bonino wins face-off versus T.J. Hensick in Wiprows zone.
0:35 of 2nd period - Icing by Jesse Winchester.
0:36 of 2nd period - T.J. Hensick wins face-off versus Nick Bonino in Wiprows zone.
0:47 of 2nd period - Slapshot by T.J. Hensick.
0:47 of 2nd period - Stopped by Thomas McCollum without a rebound.
0:48 of 2nd period - Joshua Bailey wins face-off versus T.J. Hensick in Wiprows zone.
0:48 of 2nd period - Joshua Bailey is hit by Anton Babchuk.
1:37 of 2nd period - Brendon Segal is hit by Seth Helgeson.
2:01 of 2nd period - Wrist shot by T.J. Hensick.
2:01 of 2nd period - Shot Misses the Net.
2:03 of 2nd period - Snap shot by Bobby Butler.
2:03 of 2nd period - Shot Blocked by Matt Taormina.
2:05 of 2nd period - Snap shot by Anssi Salmela.
2:05 of 2nd period - Shot Misses the Net.
2:07 of 2nd period - Wrist shot by T.J. Hensick.
2:07 of 2nd period - Shot Misses the Net.
2:27 of 2nd period - Snap shot by Jiri Tlusty.
2:27 of 2nd period - Stopped by Brent Krahn with a rebound.
2:29 of 2nd period - Snap shot by Jiri Tlusty.
2:29 of 2nd period - Shot Misses the Net.
2:31 of 2nd period - Backhand shot by Jiri Tlusty.
2:31 of 2nd period - Shot Blocked by Anton Babchuk.
3:05 of 2nd period - Snap shot by Brendon Segal.
3:05 of 2nd period - Deflect By Derek Grant.
3:05 of 2nd period - Stopped by Brent Krahn with a rebound.
3:07 of 2nd period - Slapshot by Gord Baldwin.
3:07 of 2nd period - Shot Misses the Net.
3:21 of 2nd period - Spencer Machacek is hit by Thomas Hickey and loses puck.
4:57 of 2nd period - Wrist shot by Joshua Bailey.
4:57 of 2nd period - Stopped by Brent Krahn without a rebound.
4:58 of 2nd period - Anthony Stewart wins face-off versus Nick Bonino in Demolitions zone.
5:23 of 2nd period - Daniel Paille is hit by Jiri Tlusty and loses puck.
6:09 of 2nd period - Maxime Macenauer is hit by T.J. Hensick and loses puck.
6:26 of 2nd period - Jesse Winchester is hit by Brandon Dubinsky and loses puck.
7:07 of 2nd period - Slapshot by Brendon Segal.
7:07 of 2nd period - Deflect By Derek Grant.
7:07 of 2nd period - Shot Misses the Net.
7:07 of 2nd period - Puck is out of play.
7:08 of 2nd period - Joshua Bailey wins face-off versus Daniel Paille in Demolitions zone.
7:09 of 2nd period - Snap shot by Jiri Tlusty.
7:09 of 2nd period - Stopped by Brent Krahn without a rebound.
7:10 of 2nd period - Joshua Bailey wins face-off versus Brandon Dubinsky in Demolitions zone.
7:33 of 2nd period - Arturs Kulda is hit by Darren Helm and loses puck.
7:38 of 2nd period - Wrist shot by Jordan LaVallee.
7:38 of 2nd period - Stopped by Thomas McCollum with a rebound.
7:40 of 2nd period - Slapshot by Anssi Salmela.
7:40 of 2nd period - Shot Misses the Net.
7:42 of 2nd period - Slapshot by Anssi Salmela.
7:42 of 2nd period - Shot Blocked by Joshua Bailey.
7:44 of 2nd period - Slapshot by Anssi Salmela.
7:44 of 2nd period - Deflect By Darren Helm.
7:44 of 2nd period - Shot Blocked by Arturs Kulda.
7:44 of 2nd period - Puck is out of play.
7:45 of 2nd period - T.J. Hensick wins face-off versus Nick Bonino in Wiprows zone.
8:16 of 2nd period - Snap shot by Brendon Segal.
8:16 of 2nd period - Stopped by Brent Krahn with a rebound.
8:35 of 2nd period - Wrist shot by Jordan LaVallee.
8:35 of 2nd period - Shot Misses the Net.
8:37 of 2nd period - Slapshot by Seth Helgeson.
8:37 of 2nd period - Stopped by Thomas McCollum with a rebound.
8:39 of 2nd period - Wrist shot by Spencer Machacek.
8:39 of 2nd period - Stopped by Thomas McCollum without a rebound.
8:40 of 2nd period - Bobby Butler wins face-off versus Joshua Bailey in Wiprows zone.
8:47 of 2nd period - Slapshot by T.J. Hensick.
8:47 of 2nd period - Deflect By Bobby Butler.
8:47 of 2nd period - Stopped by Thomas McCollum with a rebound.
8:54 of 2nd period - Minor Penalty to Matt Taormina for Roughing.
8:55 of 2nd period - Maxime Macenauer wins face-off versus Brandon Dubinsky in Wiprows zone.
8:55 of 2nd period - Maxime Macenauer is hit by Anton Babchuk.
9:02 of 2nd period - Wrist shot by Maxime Macenauer.
9:02 of 2nd period - Stopped by Brent Krahn with a rebound.
9:07 of 2nd period - Off-side.
9:08 of 2nd period - Maxime Macenauer wins face-off versus Brandon Dubinsky in neutral zone.
9:10 of 2nd period - Off-side.
9:11 of 2nd period - Maxime Macenauer wins face-off versus Brandon Dubinsky in neutral zone.
9:16 of 2nd period - Slapshot by Arturs Kulda.
9:16 of 2nd period - Shot Misses the Net.
10:45 of 2nd period - Icing by Bobby Butler.
10:46 of 2nd period - T.J. Hensick wins face-off versus Maxime Macenauer in Demolitions zone.
10:54 of 2nd period - Penalty to Matt Taormina is over, Matt Taormina is back on ice.
11:05 of 2nd period - Snap shot by Spencer Machacek.
11:05 of 2nd period - Shot Misses the Net.
11:07 of 2nd period - Minor Penalty to Linden Vey for Holding.
11:08 of 2nd period - Maxime Macenauer wins face-off versus Brandon Dubinsky in Wiprows zone.
11:08 of 2nd period - Maxime Macenauer is hit by Anssi Salmela.
12:47 of 2nd period - Alec Martinez is hit by Anssi Salmela and loses puck.
13:04 of 2nd period - Anssi Salmela is hit by Derek Grant and loses puck.
13:07 of 2nd period - Penalty to Linden Vey is over, Linden Vey is back on ice.
13:25 of 2nd period - Snap shot by Darren Helm.
13:25 of 2nd period - Shot Blocked by Gord Baldwin.
13:27 of 2nd period - Snap shot by Spencer Machacek.
13:27 of 2nd period - Demolitions goal is going for a video replay.
13:27 of 2nd period - The goal is good.
13:27 of 2nd period - Goal by Spencer Machacek - Demolitions : 3 - Wiprows : 3.
13:28 of 2nd period - Brandon Dubinsky wins face-off versus Joshua Bailey in neutral zone.
13:37 of 2nd period - Off-side.
13:38 of 2nd period - Joshua Bailey wins face-off versus Brandon Dubinsky in neutral zone.
13:51 of 2nd period - Slapshot by Thomas Hickey.
13:51 of 2nd period - Deflect By Brad Richardson.
13:51 of 2nd period - Stopped by Brent Krahn with a rebound.
13:53 of 2nd period - Minor Penalty to Anton Babchuk for Hooking.
13:54 of 2nd period - Nick Bonino wins face-off versus Brandon Dubinsky in Demolitions zone.
14:55 of 2nd period - Brandon Dubinsky is hit by Nick Bonino and loses puck.
15:10 of 2nd period - Matt Taormina is hit by Petr Vrana and loses puck.
15:53 of 2nd period - Penalty to Anton Babchuk is over, Anton Babchuk is back on ice.
16:03 of 2nd period - Seth Helgeson is hit by Derek Grant and loses puck.
16:08 of 2nd period - Slapshot by Gord Baldwin.
16:08 of 2nd period - Shot Blocked by Anssi Salmela.
16:18 of 2nd period - Slapshot by Brad Richardson.
16:18 of 2nd period - Shot Misses the Net.
16:20 of 2nd period - Snap shot by Brad Richardson.
16:20 of 2nd period - Stopped by Thomas McCollum with a rebound.
16:38 of 2nd period - Wrist shot by Brad Richardson.
16:38 of 2nd period - Stopped by Thomas McCollum with a rebound.
16:40 of 2nd period - Wrist shot by Brad Richardson.
16:40 of 2nd period - Stopped by Thomas McCollum without a rebound.
16:41 of 2nd period - Darren Helm wins face-off versus Maxime Macenauer in Wiprows zone.
16:44 of 2nd period - Snap shot by Spencer Machacek.
16:44 of 2nd period - Stopped by Thomas McCollum with a rebound.
17:02 of 2nd period - Minor Penalty to Matt Frattin for Hooking.
17:03 of 2nd period - Maxime Macenauer wins face-off versus Brandon Dubinsky in Wiprows zone.
18:16 of 2nd period - Matt Taormina is hit by Anthony Stewart and loses puck.
18:39 of 2nd period - Brandon Dubinsky is hit by Derek Grant and loses puck.
19:02 of 2nd period - Penalty to Matt Frattin is over, Matt Frattin is back on ice.
19:22 of 2nd period - Snap shot by Joshua Bailey.
19:22 of 2nd period - Shot Misses the Net.
19:54 of 2nd period - Spencer Machacek is hit by Jesse Winchester and loses puck.
19:59 of 2nd period - Slapshot by Jesse Winchester.
19:59 of 2nd period - Stopped by Brent Krahn without a rebound.
Goals for this period are 1 for Demolitions vs 0 for Wiprows.
Shots for this period are 10 for Demolitions vs 8 for Wiprows.

3rd period


0:01 of 3rd period - Brandon Dubinsky wins face-off versus Nick Bonino in neutral zone.
0:25 of 3rd period - Jiri Tlusty is hit by T.J. Hensick and loses puck.
0:32 of 3rd period - Slapshot by Anthony Stewart.
0:32 of 3rd period - Shot Misses the Net.
0:34 of 3rd period - Slapshot by Anton Babchuk.
0:34 of 3rd period - Deflect By Matt Taormina.
0:34 of 3rd period - Stopped by Thomas McCollum with a rebound.
1:12 of 3rd period - Wrist shot by Jesse Winchester.
1:12 of 3rd period - Shot Blocked by Anssi Salmela.
1:30 of 3rd period - Wrist shot by Brandon Dubinsky.
1:30 of 3rd period - Stopped by Thomas McCollum with a rebound.
1:32 of 3rd period - Slapshot by Anssi Salmela.
1:32 of 3rd period - Stopped by Thomas McCollum with a rebound.
1:42 of 3rd period - Wrist shot by T.J. Hensick.
1:42 of 3rd period - Shot Misses the Net.
2:35 of 3rd period - Alec Martinez is hit by Bobby Butler.
3:00 of 3rd period - Slapshot by Joshua Bailey.
3:00 of 3rd period - Stopped by Brent Krahn with a rebound.
3:02 of 3rd period - Wrist shot by Jiri Tlusty.
3:02 of 3rd period - Deflect By Joshua Bailey.
3:02 of 3rd period - Stopped by Brent Krahn without a rebound.
3:03 of 3rd period - Nick Bonino wins face-off versus T.J. Hensick in Demolitions zone.
3:07 of 3rd period - Minor Penalty to Anssi Salmela for Roughing.
3:08 of 3rd period - Brandon Dubinsky wins face-off versus Nick Bonino in Demolitions zone.
4:02 of 3rd period - Petr Vrana is hit by Joshua Bailey and loses puck.
4:43 of 3rd period - Linden Vey is hit by Anthony Stewart and loses puck.
5:07 of 3rd period - Penalty to Anssi Salmela is over, Anssi Salmela is back on ice.
5:37 of 3rd period - Minor Penalty to Chris Wideman for Hooking.
5:38 of 3rd period - T.J. Hensick wins face-off versus Nick Bonino in Demolitions zone.
5:45 of 3rd period - Wrist shot by Brandon Dubinsky.
5:45 of 3rd period - Stopped by Thomas McCollum with a rebound.
6:10 of 3rd period - Snap shot by Jiri Tlusty.
6:10 of 3rd period - Shot Misses the Net.
6:12 of 3rd period - Wrist shot by Thomas Hickey.
6:12 of 3rd period - Shot Blocked by Peter Harrold.
6:14 of 3rd period - Slapshot by Jesse Winchester.
6:14 of 3rd period - Stopped by Brent Krahn without a rebound.
6:15 of 3rd period - Brad Richardson wins face-off versus Joshua Bailey in Demolitions zone.
6:48 of 3rd period - Minor Penalty to Seth Helgeson for Tripping.
6:49 of 3rd period - Brandon Dubinsky wins face-off versus Nick Bonino in Demolitions zone.
6:54 of 3rd period - Linden Vey is hit by Brandon Dubinsky and loses puck.
7:15 of 3rd period - Anton Babchuk is hit by Joshua Bailey and loses puck.
7:37 of 3rd period - Penalty to Chris Wideman is over, Chris Wideman is back on ice.
8:16 of 3rd period - Robert Bortuzzo is hit by Linden Vey.
8:48 of 3rd period - Penalty to Seth Helgeson is over, Seth Helgeson is back on ice.
9:00 of 3rd period - Wrist shot by Brendon Segal.
9:00 of 3rd period - Shot Blocked by Seth Helgeson.
9:02 of 3rd period - Wrist shot by Brendon Segal.
9:02 of 3rd period - Stopped by Brent Krahn with a rebound.
9:04 of 3rd period - Backhand shot by Brendon Segal.
9:04 of 3rd period - Stopped by Brent Krahn without a rebound.
9:05 of 3rd period - Darren Helm wins face-off versus Derek Grant in Demolitions zone.
10:26 of 3rd period - Off-side.
10:27 of 3rd period - Darren Helm wins face-off versus Nick Bonino in neutral zone.
10:57 of 3rd period - Minor Penalty to Linden Vey for Slashing.
10:58 of 3rd period - Brandon Dubinsky wins face-off versus Maxime Macenauer in Wiprows zone.
10:58 of 3rd period - Wrist shot by Brad Richardson.
10:58 of 3rd period - Goal by Brad Richardson - Demolitions : 4 - Wiprows : 3.
10:59 of 3rd period - Nick Bonino wins face-off versus Brandon Dubinsky in neutral zone.
11:06 of 3rd period - Icing by Peter Harrold.
11:07 of 3rd period - Nick Bonino wins face-off versus Brandon Dubinsky in Demolitions zone.
12:17 of 3rd period - Wrist shot by Daniel Paille.
12:17 of 3rd period - Deflect By Brendon Segal.
12:17 of 3rd period - Stopped by Thomas McCollum with a rebound.
12:29 of 3rd period - Snap shot by Daniel Paille.
12:29 of 3rd period - Stopped by Thomas McCollum with a rebound.
13:09 of 3rd period - Slapshot by Alec Martinez.
13:09 of 3rd period - Stopped by Brent Krahn with a rebound.
13:11 of 3rd period - Slapshot by Kevin Connauton.
13:11 of 3rd period - Shot Blocked by Tim Erixon.
13:47 of 3rd period - Backhand shot by Nick Bonino.
13:47 of 3rd period - Shot Misses the Net.
13:49 of 3rd period - Slapshot by Brandon Bollig.
13:49 of 3rd period - Stopped by Brent Krahn without a rebound.
13:50 of 3rd period - Joshua Bailey wins face-off versus Brandon Dubinsky in Demolitions zone.
14:11 of 3rd period - Minor Penalty to Arturs Kulda for Hooking.
14:12 of 3rd period - Maxime Macenauer wins face-off versus Brandon Dubinsky in Wiprows zone.
14:27 of 3rd period - Slapshot by Brad Richardson.
14:27 of 3rd period - Shot Blocked by Thomas Hickey.
15:46 of 3rd period - Brendon Segal is hit by T.J. Hensick and loses puck.
16:11 of 3rd period - Penalty to Arturs Kulda is over, Arturs Kulda is back on ice.
16:11 of 3rd period - Jesse Winchester is hit by Spencer Machacek and loses puck.
16:16 of 3rd period - Wrist shot by Spencer Machacek.
16:16 of 3rd period - Goal by Spencer Machacek - Demolitions : 5 - Wiprows : 3.
16:17 of 3rd period - Darren Helm wins face-off versus Maxime Macenauer in neutral zone.
16:20 of 3rd period - Slapshot by Jordan LaVallee.
16:20 of 3rd period - Stopped by Thomas McCollum with a rebound.
16:22 of 3rd period - Snap shot by Spencer Machacek.
16:22 of 3rd period - Shot Blocked by Arturs Kulda.
16:24 of 3rd period - Snap shot by Darren Helm.
16:24 of 3rd period - Shot Hit the Post.
16:42 of 3rd period - Brandon Dubinsky is hit by Jordan Szwarz and loses puck.
16:47 of 3rd period - Slapshot by Thomas Hickey.
16:47 of 3rd period - Shot Blocked by Anssi Salmela.
16:49 of 3rd period - Snap shot by Gord Baldwin.
16:49 of 3rd period - Stopped by Brent Krahn without a rebound.
16:50 of 3rd period - Brandon Dubinsky wins face-off versus Nick Bonino in Demolitions zone.
16:56 of 3rd period - Icing by Brandon Dubinsky.
16:57 of 3rd period - Brandon Dubinsky wins face-off versus Nick Bonino in Demolitions zone.
17:04 of 3rd period - Snap shot by Jesse Winchester.
17:04 of 3rd period - Stopped by Brent Krahn with a rebound.
17:33 of 3rd period - Snap shot by Nick Bonino.
17:33 of 3rd period - Deflect By Jesse Winchester.
17:33 of 3rd period - Shot Blocked by Peter Harrold.
17:33 of 3rd period - Puck is out of play.
17:34 of 3rd period - Jonathan Tremblay wins face-off versus Nicolas Blanchard in Demolitions zone.
17:56 of 3rd period - Minor Penalty to Petr Vrana for Interference.
17:57 of 3rd period - Nick Bonino wins face-off versus Brandon Dubinsky in Demolitions zone.
18:10 of 3rd period - Snap shot by Matt Frattin.
18:10 of 3rd period - Shot Misses the Net.
18:12 of 3rd period - Snap shot by Thomas Hickey.
18:12 of 3rd period - Stopped by Brent Krahn with a rebound.
18:22 of 3rd period - T.J. Hensick is hit by Jesse Winchester and loses puck.
19:56 of 3rd period - Penalty to Petr Vrana is over, Petr Vrana is back on ice.
Goals for this period are 2 for Demolitions vs 0 for Wiprows.
Shots for this period are 9 for Demolitions vs 10 for Wiprows.


Output by the SimonT Hockey Simulator (STHS) for François Prévost -- Original Page W3C XHTML 1.0 Valid
Hockey Simulator - Hockey Simulation - Hockey Manager